 Dungeon Crawl Stone Soup version 0.19-a0-1834-g6b7851e (console) character file.

85025 brucemayne the Executioner (level 15, -2/195 HPs)
             Began as a Hill Orc Monk on Oct 8, 2016.
             Was a High Priest of Trog.
             Slain by a spark wasp (4 damage)
             ... on level 3 of the Spider Nest.
             The game lasted 01:12:17 (11517 turns).

brucemayne the Executioner (Hill Orc Monk)         Turns: 11517, Time: 01:12:18

Health: -2/195     AC: 25    Str: 26    XL:     15   Next: 38%
Magic:  15/15      EV: 10    Int: 10    God:    Trog [*****.]
Gold:   1715       SH:  0    Dex: 13    Spells: 0 memorised, 14 levels left

rFire  + + .     SeeInvis +     W - +1 executioner's axe (elec)
rCold  . . .     Gourm    .     t - +3 plate armour {rF+}
rNeg   . . .     Faith    .     (shield currently unavailable)
rPois  +         Spirit   .     F - +0 helmet
rElec  +         Dismiss  .     N - +1 cloak of Ziapp {rElec rF+ rCorr Stlth+}
rCorr  +         Reflect  .     i - +0 pair of gloves
MR     +....     Harm     .     D - +1 pair of boots {Fly}
Stlth  ..........               (no amulet)
                                j - ring of poison resistance
                                B - ring of see invisible

@: berserking, flying, very quick
A: mutation resistance 1
a: Berserk, Trog's Hand, Brothers in Arms, Burn Spellbooks, Renounce Religion,
Stop Flying
}: 1/15 runes: decaying


You were on level 3 of the Spider Nest.
You worshipped Trog.
Trog was extremely pleased with you.
You were very hungry.

You visited 6 branches of the dungeon, and saw 29 of its levels.
You also visited: Ice Cave.

You collected 1850 gold pieces.
You spent 135 gold pieces at shops.

Inventory:

Hand Weapons
 f - a +6 antimagic broad axe
 U - a +0 battleaxe of freezing
 W - a +1 executioner's axe of electrocution (weapon)
Missiles
 y - 6 javelins (quivered)
Armour
 i - a +0 pair of gloves (worn)
 t - a +3 plate armour of fire resistance (worn)
 z - the +2 plate armour "Pewanod" {MR++ Regen+ Str-4 Int+9 Dex-2}
   (You found it on level 5 of the Dungeon)

   It affects your strength (-4).
   It affects your intelligence (+9).
   It affects your dexterity (-2).
   It affects your resistance to hostile enchantments.
   It increases your rate of regeneration.
 D - a +1 pair of boots of flying (worn)
 F - a +0 helmet (worn)
 N - the +1 cloak of Ziapp (worn) {rElec rF+ rCorr Stlth+}
   (You found it on level 8 of the Dungeon)

   It protects you from fire.
   It insulates you from electricity.
   It protects you from acid and corrosion.
   It makes you more stealthy.
Jewellery
 j - a ring of poison resistance (right hand)
 p - an uncursed ring of ice
 s - the ring of Pyng {rPois rC+ rN+ Str-4 Stlth+}
   (You found it in an ice cave)

   [ring of protection from cold]

   It affects your strength (-4).
   It protects you from cold.
   It protects you from poison.
   It protects you from negative energy.
   It makes you more stealthy.
 B - a ring of see invisible (left hand)
Wands
 g - a wand of iceblast (8/15)
 v - a wand of heal wounds (5/9)
 M - a wand of iceblast (9/15)
 O - a wand of lightning (10/15)
 T - a wand of iceblast (5/15)
Scrolls
 k - 5 scrolls of remove curse
 l - a scroll of enchant armour
 r - a scroll of magic mapping
 w - 2 scrolls of recharging
 x - 2 scrolls of identify
 L - 2 scrolls of teleportation
 R - a scroll of fog
Potions
 a - 3 potions of heal wounds
 e - a potion of ambrosia {unknown}
 m - 4 potions of curing
 o - a potion of cancellation {unknown}
 u - 2 potions of might {unknown}
 E - a potion of magic {unknown}
 G - a potion of resistance {unknown}
 P - 5 potions of lignification
 S - a potion of haste {unknown}
Books
 b - a book of Enchantments

   Spells                             Type                      Level
   a - Cause Fear                     Hexes                        4
   b - Yara's Violent Unravelling     Hexes/Transmutation          5
   c - Silence                        Hexes/Air                    5
   d - Deflect Missiles               Charms/Air                   6
   e - Discord                        Hexes                        8
   Trog disapproves of the use of such an item.
 n - a book of Geomancy

   Spells                             Type                      Level
   a - Sandblast                      Earth                        1
   b - Passwall                       Transmutation/Earth          2
   c - Stone Arrow                    Conjuration/Earth            3
   d - Petrify                        Transmutation/Earth          4
   e - Lee's Rapid Deconstruction     Earth                        5
   Trog disapproves of the use of such an item.
 J - a book of Debilitation

   Spells                             Type                      Level
   a - Corona                         Hexes                        1
   b - Slow                           Hexes                        2
   c - Gell's Gravitas                Hexes/Translocation          3
   d - Inner Flame                    Hexes/Fire                   3
   e - Cause Fear                     Hexes                        4
   f - Leda's Liquefaction            Hexes/Earth                  4
   Trog disapproves of the use of such an item.
 Y - a Necronomicon

   Spells                             Type                      Level
   a - Haunt                          Necromancy/Summoning         7
   b - Borgnjor's Revivification      Necromancy                   8
   c - Death's Door                   Charms/Necromancy            8
   d - Infestation                    Necromancy                   8
   e - Necromutation                  Transmutation/Necromancy     8
   Trog disapproves of the use of such an item.
Comestibles
 c - 9 bread rations
 d - a meat ration
 h - a royal jelly
 q - 2 chunks of flesh
 V - 15 fruits


   Skills:
 - Level 11.5 Fighting
 + Level 25.6 Axes
 - Level 10.4 Armour
 + Level 5.6 Dodging
 - Level 1.5 Stealth


You had 14 spell levels left.
You didn't know any spells.

Dungeon Overview and Level Annotations

Branches:
Dungeon (13/15)            Temple (1/1) D:5            Lair (6/6) D:9
  Swamp (4/4) Lair:4       Spider (3/4) Lair:3          Orc (2/2) D:10
    Elf (0/3) Orc:2        Vaults (0/5) D:13
  Slime: Lair:5-6

Altars:
Dithmenos
Elyvilon
Makhleb
Nemelex Xobeh
Trog

Shops:
Orc:2 }([[

Annotations:
D:6 Eustachio
D:7 ThereIsNoGod's ghost, novice MiGl
D:9 exclusions: downstairs and upstairs
D:10 Snorg
D:12 exclusion: downstairs
Lair:3 exclusion: downstairs
Lair:5 exclusions: downstairs and 1 more exclusion
Swamp:4 Nikola
Spider:2 exclusion: downstairs
Spider:3 Mara


Innate Abilities, Weirdness & Mutations

You are somewhat resistant to further mutation.


Message History

The spark wasp is moderately wounded.
The spark wasp closely misses you.
Unknown command.
You slice the spark wasp!!
The spark wasp is severely wounded.
The spark wasp stings you.
* * * LOW HITPOINT WARNING * * *
The spark wasp shocks you. You resist.
* * * LOW HITPOINT WARNING * * *
Unknown command.
You barely miss the spark wasp.
The spark wasp is severely wounded.
You hit the hornet. The hornet barely misses you.
Unknown command.
You closely miss the spark wasp.
The spark wasp is severely wounded.
You slice the redback!! You miss the hornet. The spark wasp stings you.
* * * LOW HITPOINT WARNING * * *
The spark wasp shocks you. You resist.
You die...

## #.####.
###.......
#y@s.#
##.y......
....#..#.
.#..#s.#.^
#....#...
. . #...
.... #.
.... #.. .
..... ..


You could see a spark wasp, a wolf spider, a hornet and a redback.

Vanquished Creatures
  Jorgrun (Swamp:4)
  Donald (Swamp:3)
  A frost giant (IceCv)
  A very ugly thing (Swamp:4)
  A green death (Swamp:4)
  A death ooze (Swamp:4)
  A fire dragon (Lair:6)
  The ghost of barakagiga the Markscentaur, a journeyman CeHu of Okawaru (D:10)
  2 hydras
  An ice dragon (Lair:4)
  2 hell beasts (Swamp:4)
  A catoblepas (Lair:6)
  An alligator (Swamp:4)
  A death yak (IceCv)
  A tengu warrior (D:11)
  Nergalle (D:10)
  A spriggan druid (Swamp:4)
  A hill giant (D:11)
  5 swamp dragons
  2 large abominations (Swamp:4)
  6 ugly things
  3 wolf spiders
  2 orb spiders (Spider:2)
  4 orc sorcerers (Orc:2)
  A manticore (D:11)
  11 elephants
  Joseph (D:9)
  An orange demon (Swamp:4)
  An ice statue (IceCv)
  12 spiny frogs
  6 torpor snails (Lair:6)
  A gargoyle (D:12)
  A rime drake (IceCv)
  7 komodo dragons
  2 demonic crawlers
  3 tyrant leeches (Lair:6)
  5 trolls
  A meliai (Lair:4)
  21 polar bears
  7 hornets
  11 slime creatures
  3 jumping spiders
  A two-headed ogre (D:12)
  3 bog bodies
  7 dream sheep (Lair:6)
  4 hippogriffs
  12 redbacks
  3 shadows (Swamp:4)
  4 tarantellas
  29 yaks
  2 basilisks
  5 wargs (Orc:2)
  3 vampire mosquitoes (Swamp:4)
  6 swamp worms
  3 water moccasins
  A hell hound (D:9)
  2 porcupines
  A swamp drake (Swamp:4)
  13 orc warriors
  2 ice beasts
  2 necrophages
  3 sky beasts
  3 ogres
  25 wolves
  2 centaurs
  6 crocodiles
  A big kobold (D:10)
  8 bullfrogs
  3 scorpions
  5 killer bees
  3 howler monkeys
  3 crimson imps
  2 bullfrog zombies
  6 hounds
  2 jellies
  A quasit (D:11)
  20 orc priests
  2 bullfrog skeletons
  A centaur skeleton (D:4)
  37 orc wizards
  Jessica (D:3)
  3 iguanas
  8 worker ants
  A hound zombie (D:5)
  2 hound skeletons
  2 adders
  4 shadow imps
  3 oozes
  2 adder skeletons (D:7)
  3 leopard geckos
  78 orcs
  4 bats
  A giant cockroach (D:4)
  5 goblins
  4 hobgoblins
  A quokka (D:7)
  3 ball pythons
  2 frilled lizards
  10 kobolds
  2 leopard gecko skeletons (D:4)
  A leopard gecko zombie (D:7)
  2 quokka skeletons
  6 rats
  A fungus (Lair:5)
  8 plants
530 creatures vanquished.

Vanquished Creatures (collateral kills)
  A green death (Swamp:4)
  2 hydras
  A lindwurm (Lair:6)
  2 orc sorcerers (Orc:2)
  2 hornets (Lair:6)
  A tyrant leech (Lair:6)
  A warg (Orc:2)
  A water moccasin (Lair:6)
  An orc wizard (Orc:2)
  An orc (Orc:2)
13 creatures vanquished.

Vanquished Creatures (others)
  3 orcs (Orc:2)
  3 bushes (Lair:6)
  10 fungi
  21 plants
37 creatures vanquished.

Grand Total: 580 creatures vanquished

Notes
Turn   | Place    | Note
-------+----------+-------------------------------------------
     0 | D:1      | brucemayne the Hill Orc Monk began the quest for the Orb.
     0 | D:1      | Reached XP level 1. HP: 19/19 MP: 1/1
   115 | D:2      | Found a sparkling altar of Nemelex Xobeh.
   151 | D:1      | Reached XP level 2. HP: 26/26 MP: 2/2
   195 | D:3      | Reached skill level 5 in Axes
   254 | D:3      | Noticed Jessica
   279 | D:3      | Killed Jessica
   279 | D:3      | Reached skill level 6 in Axes
   279 | D:3      | Reached XP level 3. HP: 3/31 MP: 3/3
   570 | D:3      | Reached XP level 4. HP: 37/39 MP: 4/4
   635 | D:3      | Reached skill level 7 in Axes
   692 | D:2      | Reached XP level 5. HP: 38/45 MP: 5/5
  1020 | D:4      | Reached skill level 8 in Axes
  1092 | D:4      | Reached XP level 6. HP: 19/51 MP: 6/6
  1398 | D:5      | Entered Level 5 of the Dungeon
  1445 | D:5      | Found a white marble altar of Elyvilon.
  1466 | D:5      | Found a shadowy altar of Dithmenos.
  1481 | D:5      | Reached skill level 9 in Axes
  1531 | D:4      | Found a bloodstained altar of Trog.
  1534 | D:4      | Became a worshipper of Trog the Wrathful
  1534 | D:4      | Reached * piety under Trog
  1534 | D:4      | Reached ** piety under Trog
  1678 | D:6      | Noticed an orc warrior
  1755 | D:5      | Reached skill level 10 in Axes
  1755 | D:5      | Reached XP level 7. HP: 32/57 MP: 7/7
  1795 | D:4      | Got a fine scale mail
  1808 | D:4      | Identified the +7 scale mail "Mounot" {+Inv Dex+4} (You found it on level 4 of the Dungeon)
  2090 | D:5      | Found a staircase to the Ecumenical Temple.
  2100 | Temple   | Entered the Ecumenical Temple
  2173 | D:6      | Reached skill level 11 in Axes
  2222 | D:6      | Noticed Eustachio
  2276 | D:6      | Reached XP level 8. HP: 52/64 MP: 8/8
  2344 | D:7      | Noticed ThereIsNoGod's ghost (novice MiGl)
  2455 | D:5      | Got an encrusted plate armour
  2466 | D:5      | Identified the +2 plate armour "Pewanod" {MR++ Regen+ Str-4 Int+9 Dex-2} (You found it on level 5 of the Dungeon)
  2630 | D:6      | Reached skill level 12 in Axes
  2837 | D:8      | Reached skill level 13 in Axes
  3139 | D:7      | Reached skill level 14 in Axes
  3260 | D:7      | Reached XP level 9. HP: 49/70 MP: 9/9
  3305 | D:7      | Reached *** piety under Trog
  3590 | D:8      | Got a transparent cloak
  3596 | D:8      | Identified the +1 cloak of Ziapp {rElec rF+ rCorr Stlth+} (You found it on level 8 of the Dungeon)
  3596 | D:8      | SCORE
  3674 | D:8      | Noticed a hornet
  3733 | D:9      | Noticed a troll
  3764 | D:9      | Killed a troll
  3764 | D:9      | Reached skill level 15 in Axes
  3862 | D:9      | Noticed Joseph
  3879 | D:9      | Killed Joseph
  3926 | D:9      | Reached skill level 16 in Axes
  4030 | D:9      | Found a staircase to the Lair.
  4056 | D:9      | Reached skill level 17 in Axes
  4056 | D:9      | Reached XP level 10. HP: 77/77 MP: 10/10
  4187 | D:10     | Entered Level 10 of the Dungeon
  4198 | D:10     | Noticed Snorg
  4239 | D:10     | Gained mutation: You are somewhat resistant to further mutation. [mutagenic meat]
  4407 | D:10     | Reached **** piety under Trog
  4533 | D:10     | Found a staircase to the Orcish Mines.
  4585 | D:10     | Reached skill level 1 in Armour
  4589 | D:10     | Noticed barakagiga's ghost (journeyman CeHu)
  4658 | D:10     | Killed barakagiga's ghost
  4658 | D:10     | Reached skill level 5 in Fighting
  4709 | Orc:1    | Entered Level 1 of the Orcish Mines
  4925 | Orc:2    | Entered Level 2 of the Orcish Mines
  4925 | Orc:2    | Found a staircase to the Elven Halls.
  4975 | Orc:1    | Reached skill level 5 in Armour
  5129 | Orc:2    | Noticed a deep elf annihilator
  5375 | Orc:2    | Reached XP level 11. HP: 85/92 MP: 11/11
  5407 | Orc:2    | Noticed an orc sorcerer
  5423 | Orc:2    | Reached ***** piety under Trog
  5427 | Orc:2    | Killed an orc sorcerer
  5605 | Orc:2    | Found Jelucwao's Gadget Shop.
  5605 | Orc:2    | Noticed an orc sorcerer
  5613 | Orc:2    | Paralysed by an orc sorcerer for 7 turns
  5622 | Orc:2    | Reached skill level 18 in Axes
  5634 | Orc:2    | Killed an orc sorcerer
  5654 | Orc:2    | Found Fuwuotae's Antique Weapon Shoppe.
  5654 | Orc:2    | Noticed an orc sorcerer
  5654 | Orc:2    | Noticed an orc sorcerer
  5663 | Orc:2    | Killed an orc sorcerer
  5675 | Orc:2    | Killed an orc sorcerer
  5730 | Orc:2    | Noticed an orc sorcerer
  5809 | Orc:2    | Killed an orc sorcerer
  5832 | Orc:2    | Noticed an orc sorcerer
  5852 | Orc:2    | Killed an orc sorcerer
  5855 | Orc:2    | Found Seac's Armour Shop.
  5855 | Orc:2    | Found Wecwaepu's Antique Armour Shoppe.
  5865 | Orc:2    | Noticed an orc sorcerer
  5871 | Orc:2    | Bought a cursed +0 helmet for 18 gold pieces
  5890 | Orc:2    | Bought a pair of boots for 117 gold pieces
  6221 | D:11     | Noticed a manticore
  6248 | D:11     | Killed a manticore
  6257 | D:11     | Noticed a tengu warrior
  6322 | D:11     | Killed a tengu warrior
  6322 | D:11     | Reached skill level 10 in Fighting
  6365 | D:11     | Noticed a manticore
  6513 | D:13     | Noticed a manticore
  6703 | D:13     | Noticed a vault guard
  6703 | D:13     | Noticed a vault guard
  6704 | D:13     | Found a gate to the Vaults.
  6704 | D:13     | Noticed a vault guard
  6704 | D:13     | Noticed a vault guard
  6704 | D:13     | Noticed a vault guard
  6705 | D:13     | Noticed a vault guard
  6934 | D:11     | Reached XP level 12. HP: 92/106 MP: 12/12
  7031 | D:11     | Noticed a four-headed hydra
  7139 | D:11     | Noticed Nergalle
  7156 | D:10     | Killed Nergalle
  7306 | Lair:1   | Entered Level 1 of the Lair of Beasts
  7426 | Lair:2   | Reached skill level 5 in Dodging
  7531 | Lair:2   | Reached skill level 19 in Axes
  7698 | Lair:3   | Identified a scroll of acquirement
  7855 | Lair:3   | Found a hole to the Spider Nest.
  7894 | Lair:4   | Noticed a seven-headed hydra
  7985 | Lair:4   | Reached skill level 10 in Armour
  8027 | Lair:4   | Noticed a seven-headed hydra
  8048 | Lair:4   | Killed a ten-headed hydra
  8151 | Lair:4   | Found a frozen archway.
  8160 | Lair:4   | Noticed an ice dragon
  8181 | Lair:4   | Reached XP level 13. HP: 108/116 MP: 13/13
  8194 | Lair:4   | Killed an ice dragon
  8245 | IceCv    | Entered an ice cave
  8277 | IceCv    | Received a gift from Trog
  8328 | IceCv    | Got a coiled copper amulet
  8329 | IceCv    | Identified the amulet "Amefunn" {Inacc rF+ Str-4 Int+6 Dex+2} (You found it in an ice cave)
  8424 | IceCv    | Reached skill level 20 in Axes
  8615 | IceCv    | Noticed a frost giant
  8706 | IceCv    | Killed a frost giant
  8706 | IceCv    | Reached skill level 21 in Axes
  8749 | IceCv    | Got a vibrating ivory ring
  8751 | IceCv    | Identified the ring of Pyng {rPois rC+ rN+ Str-4 Stlth+} (You found it in an ice cave)
  8897 | Lair:4   | Got a slimy golden ring
  8899 | Lair:4   | Identified the ring of the Devil {*Corrode +Fly rC+ Int-2 Dex+6} (You found it on level 4 of the Lair of Beasts)
  8951 | Lair:6   | Entered Level 6 of the Lair of Beasts
  9213 | Lair:6   | Reached skill level 22 in Axes
  9263 | Lair:6   | Reached XP level 14. HP: 92/124 MP: 14/14
  9264 | Lair:6   | Found a runed door.
  9664 | Lair:6   | Reached skill level 23 in Axes
  9863 | Lair:4   | Found a staircase to the Swamp.
  9888 | Swamp:1  | Entered Level 1 of the Swamp
  9983 | Swamp:3  | Received a gift from Trog
  9987 | Swamp:4  | Entered Level 4 of the Swamp
 10083 | Swamp:4  | Noticed Nikola
 10141 | Swamp:4  | Noticed Jorgrun
 10155 | Swamp:4  | Killed Jorgrun
 10242 | Swamp:4  | Noticed a brown very ugly thing
 10305 | Swamp:3  | Noticed Donald
 10325 | Swamp:3  | Killed Donald
 10325 | Swamp:3  | Reached skill level 24 in Axes
 10761 | Swamp:4  | Reached XP level 15. HP: 130/130 MP: 15/15
 10890 | Swamp:4  | Reached skill level 25 in Axes
 11032 | Swamp:4  | Got a decaying rune of Zot
 11148 | Swamp:2  | Noticed a thorn hunter
 11218 | Spider:1 | Entered Level 1 of the Spider Nest
 11332 | Spider:3 | Noticed Mara
 11515 | Spider:3 | HP: 5/195 [spark wasp (5)]
 11517 | Spider:3 | HP: 2/195 [spark wasp (4)]
 11517 | Spider:3 | Slain by a spark wasp

Vault maps used:
D:1:      minmay_arrival_glassed_features
D:2:      nemelex_xobeh_ov_fountains_minmay
D:3:      roderic_roman_lattice, uniq_jessica
D:4:      bloody_trog, serial_forest, infiniplex_forest_straight_2,
          infiniplex_forest_zigzag_1, infiniplex_forest_clump_diagonal,
          infiniplex_forest_clump_long, infiniplex_forest_end_double,
          infiniplex_forest_clump_curved, roderic_batcave
D:5:      elyvilon_altar_4, first_bread,
          nicolae_dithmenos_through_a_glass_darkly
D:6:      basic_altar, uniq_eustachio
D:8:      statuecave_lemuel, fedhas_altar_1
D:9:      minmay_separated_statues, minmay_lair_entry_lava, uniq_joseph
D:10:     david_orc_2, uniq_gastronok, uniq_erica, uniq_snorg
D:11:     grunt_tengu_nest, hangedman_abyss_or_decor_passed, uniq_nergalle
D:13:     minmay_blocky_corners, erik_vaults_2, serial_bayou_lagoon_b
Temple:   minmay_crystal_spiral_temple
Lair:2:   lemuel_fruit_fields
Lair:3:   dummy_spider_entry
Lair:4:   swamp_mist, portal_ice_cave_entry_animals_and_master, minmay_holes
Lair:5:   minmay_slime_entry_oklob_enclosed, beast_lair_carwin_11
Lair:6:   wormcave, guppyfry_lair_end_dragon, grunt_megastairs_1
Swamp:1:  evilmike_swamp_ruin_house_2
Swamp:2:  hangedman_swamp_lotus
Swamp:3:  hangedman_swamp_ruin_wall, uniq_donald, uniq_aizul
Swamp:4:  swamp_vile, uniq_nikola, uniq_jorgrun
Spider:1: uniq_frances
Spider:3: nicolae_spider_mines_3, uniq_mara
Orc:2:    st_orc_town
IceCv:    ice_cave_caverns_03

Skill      XL: |  1  2  3  4  5  6  7  8  9 10 11 12 13 14 15 |
---------------+----------------------------------------------+-----
Axes           | 6 7 8 10 11 14 17 18 19 22 24 25 | 25.6
Fighting       | 7 10 11 | 11.5
Armour         | 5 7 10 | 10.4
Dodging        | 3 5 |  5.6
Stealth        | |  1.5

Action                   |  1- 3 |  4- 6 |  7- 9 | 10-12 | 13-15 || total
-------------------------+-------+-------+-------+-------+-------++-------
Melee: Hand axe          |    58 |   187 |    81 |       |       ||   326
       War axe           |       |       |   205 |   159 |       ||   364
       Battleaxe         |       |       |       |   487 |    22 ||   509
       Executioner's axe |       |       |       |       |   600 ||   600
Throw: Tomahawk          |       |       |     1 |       |       ||     1
Invok: Berserk           |       |     1 |     8 |    12 |    14 ||    35
       Trog's Hand       |       |       |     6 |    14 |    15 ||    35
       Brothers in Arms  |       |       |       |     5 |     4 ||     9
 Abil: Stop Flying       |       |       |       |     1 |       ||     1
       Evoke Flight      |       |       |       |       |     1 ||     1
Evoke: Wand              |       |       |       |     2 |       ||     2
  Use: Potion            |     2 |       |       |     2 |     3 ||     7
       Scroll            |       |       |     5 |    12 |     6 ||    23
 Stab: Sleeping          |     1 |     1 |     3 |     8 |       ||    13
       Distracted        |       |       |       |     1 |       ||     1
  Eat: Chunk             |       |     1 |     9 |    24 |    14 ||    48
       Meat ration       |       |     1 |     1 |     2 |       ||     4
       Bread ration      |       |       |       |     1 |     1 ||     2
       Fruit             |       |       |       |     3 |     6 ||     9
       Beef jerky        |       |       |       |       |     1 ||     1
       Pizza             |       |       |       |       |     2 ||     2
Armor: Ring mail         |    17 |    67 |     6 |       |       ||    90
       Scale mail        |       |       |   113 |   329 |   306 ||   748
       Plate armour      |       |       |       |       |   153 ||   153
Dodge: Dodged            |    22 |   111 |   109 |   303 |   381 ||   926
